 Dungeon Crawl Stone Soup version 0.30-a0-339-g89bb51ec76 (webtiles) character file.

Game seed: 7104160126177049369

105 hikkokomori the Digger (level 4, -2/33 HPs)
             Began as a Demigod Earth Elementalist on Nov 1, 2022.
             Slain by Terence
             ... wielding a +0 flail
              (10 damage)
             ... on level 3 of the Dungeon.
             The game lasted 00:01:44 (2200 turns).

hikkokomori the Digger (Demigod Earth Elementalist) Turns: 2200, Time: 00:01:44

Health: -2/33      AC:  2    Str:  9    XL:     4   Next: 29%
Magic:  5/11       EV: 12    Int: 21    God:
Gold:   146        SH:  0    Dex: 14    Spells: 8/9 levels left

rFire   . . .      SeeInvis .    e - +0 short sword (flame)
rCold   . . .      Faith    .    (no shield)
rNeg    . . .      Spirit   .    a - +0 robe
rPois   .          Reflect  .    (no helmet)
rElec   .          Harm     .    (no cloak)
rCorr   .          Rampage  .    (no gloves)
Will    .....                    (no boots)
Stlth   ++........               (no amulet)
HPRegen 0.25/turn                (no ring)
MPRegen 0.12/turn                (no ring)

@: very slightly contaminated
A: high MP 1, forlorn, divine attributes
a: no special abilities


You were on level 3 of the Dungeon.
You visited 1 branch of the dungeon, and saw 3 of its levels.

You collected 146 gold pieces.

Inventory:

Hand Weapons
 e - a +0 short sword of flaming (weapon)
 i - a +4 hand axe
Missiles
 o - 2 throwing nets
Armour
 a - a +0 robe (worn)
Jewellery
 t - an amulet of reflection
Wands
 s - a wand of flame (36)
Scrolls
 c - a scroll of poison
 g - a scroll of enchant armour {unknown}
 h - 5 scrolls of identify {unknown}
 j - a scroll of noise {unknown}
 k - a scroll of amnesia {unknown}
 n - a scroll of teleportation {unknown}
 q - a scroll of fog {unknown}
 r - a scroll of enchant weapon {unknown}
 u - a scroll of immolation {unknown}
Potions
 b - a potion of magic
 d - a potion of haste {unknown}
 f - a potion of invisibility {unknown}
 l - a potion of might {unknown}
 m - a potion of heal wounds {unknown}
 p - 2 potions of lignification {unknown}


   Skills:
 - Level 1.7 Dodging
 - Level 1.7 Stealth
 + Level 3.1 Spellcasting
 - Level 0.8 Transmutations
 + Level 3.9 Earth Magic


You had 8 spell levels left.
You knew the following spells:

 Your Spells              Type           Power      Damage    Failure   Level
a - Sandblast             Erth           38%        2d10      2%          1

Your spell library contained the following spells:

 Spells                   Type           Power      Damage    Failure   Level
 Passwall                 Tmut/Erth      10%        N/A       8%          2
 Apportation              Tloc           6%         N/A       13%         1
 Magic Dart               Conj           12%        1d3       13%         1
 Necrotise                Necr           12%        1d4       13%         1
 Summon Small Mammal      Summ           12%        N/A       13%         1
 Stone Arrow              Conj/Erth      22%        3d8       17%         3
 Searing Ray              Conj           6%         2d4       21%         2
 Petrify                  Tmut/Erth      13%        N/A       43%         4
 Fulminant Prism          Conj/Hex       1%         3d5       78%         4


Dungeon Overview and Level Annotations

Branches:
Dungeon (3/15)

Annotations:
D:3 1 runed translucent door, Terence; p00ps00p's ghost, amateur HOFi


Innate Abilities, Weirdness & Mutations

You have an increased reservoir of magic. (+10% MP)
You shall have no god before yourself.
Your divine heritage dramatically boosts your attributes as you level up.


Message History

A dart slug is nearby!
A dart slug is nearby!
The blast of sand hits the dart slug!
The dart slug is almost dead.
A dart slug is nearby!
The blast of sand hits the dart slug but does no damage.
The dart slug is almost dead.
You hit the dart slug. You burn the dart slug.
You kill the dart slug!
You can't see any susceptible monsters within range! (Use Z to cast anyway.) Terence the Incautious comes into view.
He is wielding a +0 flail.
You can't see any susceptible monsters within range! (Use Z to cast anyway.) Terence is nearby!
The blast of sand hits Terence but does no damage.
Terence is nearby!
The blast of sand hits Terence but does no damage.
Terence is nearby!
You hit Terence but do no damage. Terence closely misses you.
The blast of sand hits Terence but does no damage.
Terence screams, "I want your blood!" Terence hits you with a +0 flail.
Terence closely misses you.
Terence is nearby!
The blast of sand hits Terence but does no damage.
Terence completely misses you.
Terence is nearby!
The blast of sand hits Terence but does no damage.
Terence hits you with a +0 flail. Terence barely misses you.
Terence is nearby!
You miscast Sandblast.
You are very lightly contaminated with residual magic.
Nothing appears to happen.
Terence hits you with a +0 flail!
The blast of sand hits Terence but does no damage.
Terence hits you with a +0 flail!
* * * LOW HITPOINT WARNING * * *
Terence is nearby!
Unknown command.
The air fills with toxic fumes!
As you read the scroll labelled ZARONL LIUTHA, it crumbles to dust.
It was a scroll of poison.
Terence hits you with a +0 flail!
You die...

#....##.# #...........##.#
#.##.##.# ####§#.§§#####'##
#.##.##.# #§#§§§# ##...##
#.##.##.# ####§#§§§###.....# #
#.†.....# #§§§§§§§.##.......
####...#########§#§§§##§#........
'..............§§§§§§§§§'........
####...#########§§§§§##.#........
# ##..#.## #@##.###.##.......
##..#.## #@#### #.###.....#
#.###.# #§# #.# ##...## ##.#.##
#§§ ..# ##'## ##.## #§# ### #.#
#.# #§# #.# ########.# #§#
######)## .........# §§§
#.......## ########## #.##.....#


You could see Terence.

Vanquished Creatures
  4 adders
  3 worms (D:2)
  4 dart slugs
  6 ball pythons
  4 endoplasms
  A giant cockroach (D:3)
  5 hobgoblins
  8 kobolds
  A quokka (D:1)
  4 bats
  2 frilled lizards
  7 goblins
  5 rats
54 creatures vanquished.

Notes
Turn   | Place    | Note
-------+----------+-------------------------------------------
     0 | D:1      | hikkokomori the Demigod Earth Elementalist began the quest
                  | for the Orb.
     0 | D:1      | Reached XP level 1. HP: 14/14 MP: 5/5
   393 | D:1      | Reached XP level 2. HP: 13/20 MP: 1/7
  1152 | D:2      | Reached XP level 3. HP: 24/26 MP: 6/9
  1929 | D:3      | Reached XP level 4. HP: 33/33 MP: 7/11
  1957 | D:3      | Found a runed translucent door.
  1960 | D:3      | Noticed p00ps00p's ghost (amateur HOFi)
  2190 | D:3      | Noticed Terence
  2200 | D:3      | Slain by Terence

Illustrated notes

Levels and vault maps discovered:
D:1:      saegor_arrival_simple_b, layout_basic, minmay_hedge_maze
D:2:      layout_basic, basic_altar, ebering_ecumenical_altar_sacrificial
D:3:      layout_loops_corners, nicolae_overflow_hidden_temple,
          mainiacjoe_overflow_two_lobes, hellmonk_ghost_happy_afterlife,
          uniq_terence

Skill      XL: |  1  2  3  4 |
---------------+-------------+-----
Spellcasting   | 2 3 |  3.1
Earth Magic    | 3 |  3.9
Dodging        | |  1.7
Stealth        | |  1.7
Transmutations | |  0.8

Action                   |  1- 3 |  4- 6 || total
-------------------------+-------+-------++-------
Melee: Short sword       |     1 |     2 ||     3
 Cast: Sandblast         |    69 |    14 ||    83
  Use: Scroll            |       |     1 ||     1
Armor: Robe              |       |     1 ||     1
Dodge: Dodged            |    10 |     4 ||    14

Table legend: (Time is in decaauts)
 A = Elapsed time spent in this place.
 B = Non-inter-level travel time spent in this place.
 C = Inter-level travel time spent in this place.
 D = Time resting spent in this place.
 E = Time spent auto-exploring this place.
 F = Levels seen in this place.
 G = Mean time per level.
                   A        B        C        D        E       F      G
               +--------+--------+--------+--------+--------+-----+--------+
         Total |   2240 |   2232 |      8 |      0 |   1938 |   3 |  746.7 |
       Dungeon |   2240 |   2232 |      8 |      0 |   1938 |   3 |  746.7 |
               +--------+--------+--------+--------+--------+-----+--------+

Top non-repeatable levels by time:
     D:1: 962 daAuts
     D:2: 642 daAuts
     D:3: 635 daAuts
